 Dungeon Crawl Stone Soup version 0.22-a0-525-gf69a080 (webtiles) character file.

79 CougarLife the Shield-Bearer (level 4, -7/41 HPs)
             Began as a Gnoll Fighter on June 21, 2018.
             Killed by divine providence
             ... invoked by an orc priest
              (11 damage)
             ... on level 3 of the Dungeon.
             The game lasted 00:01:31 (1938 turns).

CougarLife the Shield-Bearer (Gnoll Fighter)        Turns: 1938, Time: 00:01:31

Health: -7/41      AC:  7    Str: 19    XL:     4   Next: 37%
Magic:  5/5        EV:  8    Int: 11    God:
Gold:   62         SH: 10    Dex: 14    Spells: 5/5 levels left

rFire    . . .     SeeInvis .   a - +0 war axe
rCold    . . .     Gourm    .   c - +0 shield
rNeg     . . .     Faith    .   b - +0 scale mail
rPois    .         Spirit   .   (no helmet)
rElec    .         Reflect  .   (no cloak)
rCorr    .         Harm     .   (no gloves)
MR       .....                  (no boots)
Stlth    ..........             (no amulet)
HPRegen  0.13/turn              (no ring)
MPRegen  0.09/turn              (no ring)

@: no status effects
A: distributed training, fangs 1, strong nose
a: no special abilities


You were on level 3 of the Dungeon.
You were not hungry.

You visited 1 branch of the dungeon, and saw 3 of its levels.

You collected 62 gold pieces.

Inventory:

Hand Weapons
 a - a +0 war axe (weapon)
Armour
 b - a +0 scale mail (worn)
 c - a +0 shield (worn)
Jewellery
 u - an uncursed ring of ice {unknown}
Scrolls
 e - 2 scrolls of teleportation {unknown}
 g - a scroll of noise {unknown}
 h - a scroll of enchant weapon {unknown}
 j - a scroll of blinking {unknown}
 n - 3 scrolls of fear {unknown}
 o - a scroll of random uselessness {unknown}
 p - a scroll of amnesia {unknown}
 q - a scroll of remove curse {unknown}
 r - a scroll of identify {unknown}
 t - a scroll of immolation {unknown}
Potions
 d - a potion of might
 i - 2 potions of curing {unknown}
 k - a potion of flight {unknown}
 l - 2 potions of heal wounds {unknown}
 m - a potion of haste {unknown}
 s - a potion of resistance
Comestibles
 f - 5 rations
 v - 4 chunks of flesh


   Skills:
 + Level 6.6 Fighting
 + Level 1.1 Short Blades
 + Level 1.1 Long Blades
 + Level 4.6 Axes
 + Level 1.1 Maces & Flails
 + Level 1.1 Polearms
 + Level 1.1 Staves
 + Level 1.1 Slings
 + Level 1.1 Bows
 + Level 1.1 Crossbows
 + Level 1.1 Throwing
 + Level 6.6 Armour
 + Level 1.1 Dodging
 + Level 1.1 Stealth
 + Level 6.6 Shields
 + Level 1.1 Unarmed Combat
 + Level 1.1 Spellcasting
 + Level 0.8 Conjurations
 + Level 0.8 Hexes
 + Level 0.8 Charms
 + Level 0.8 Summonings
 + Level 0.8 Necromancy
 + Level 0.8 Translocations
 + Level 0.8 Transmutations
 + Level 0.8 Fire Magic
 + Level 0.8 Ice Magic
 + Level 0.8 Air Magic
 + Level 0.8 Earth Magic
 + Level 0.8 Poison Magic
 + Level 1.2 Invocations
 + Level 1.1 Evocations


You had 5 spell levels left.
You didn't know any spells.
Your spell library was empty.

Dungeon Overview and Level Annotations

Branches:
Dungeon (3/15)

Altars:
Makhleb

Annotations:
D:3 Terence


Innate Abilities, Weirdness & Mutations

Your experience applies equally to all skills.
You have very sharp teeth.
Your uncanny sense of smell can sniff out nearby items.


Message History

The leopard gecko closely misses you.
You hit the leopard gecko.
You kill the leopard gecko!
The orc priest looks braver for a moment.
You block the orc's attack.
You hit the orc.
The orc is heavily wounded.
You hit the orc.
The orc is moderately wounded.
The orc shouts!
You hit the orc.
You kill the orc!
The orc priest mumbles some strange prayers to Beogh against you.
Beogh smites you!
* * * LOW HITPOINT WARNING * * *
You slash the orc!
You kill the orc!
The orc priest calls down the wrath of Beogh upon you.
Beogh smites you!
You die...

##.....#
#..............#
#.....#
#..............#
#.....#
#..............####)#
#.....#
#....o..............##
####.....#
#...........$.......##
.......###
#....(o....l........#
.......#
#....l@.............#
.......#
#####)#########.......
........# #@# ...≈.≈.
......#.# ## #.#
≈.≈..≈# .....)#.##<.
#.# ≈≈≈≈≈≈
...####....# #.# ...#
#..#.# #.# ...# #..#.#
∆ ..# ...# #(.#.###
..# ..(# #....#.. ..#
...####.#..#.###.# ∆


You could see Terence, an orc priest, an orc and a frilled lizard.

Vanquished Creatures
  2 adders (D:2)
  2 worms
  A dart slug (D:1)
  5 leopard geckos
  2 orcs (D:3)
  4 ball pythons
  A giant cockroach (D:2)
  6 goblins
  3 hobgoblins
  3 jackals (D:2)
  5 bats
  3 frilled lizards (D:1)
  3 kobolds (D:2)
  8 rats
48 creatures vanquished.

Notes
Turn   | Place    | Note
-------+----------+-------------------------------------------
     0 | D:1      | CougarLife the Gnoll Fighter began the quest for the Orb.
     0 | D:1      | Reached XP level 1. HP: 23/23 MP: 1/1
   129 | D:1      | Reached XP level 2. HP: 29/29 MP: 2/2
   869 | D:2      | Reached XP level 3. HP: 32/35 MP: 3/3
  1131 | D:2      | Noticed Terence
  1224 | D:2      | Reached skill level 1 in Invocations
  1379 | D:2      | Reached skill level 1 in Short Blades
  1379 | D:2      | Reached skill level 1 in Long Blades
  1379 | D:2      | Reached skill level 1 in Maces & Flails
  1379 | D:2      | Reached skill level 1 in Polearms
  1379 | D:2      | Reached skill level 1 in Staves
  1379 | D:2      | Reached skill level 1 in Slings
  1379 | D:2      | Reached skill level 1 in Bows
  1379 | D:2      | Reached skill level 1 in Crossbows
  1379 | D:2      | Reached skill level 1 in Throwing
  1379 | D:2      | Reached skill level 1 in Dodging
  1379 | D:2      | Reached skill level 1 in Stealth
  1379 | D:2      | Reached skill level 1 in Unarmed Combat
  1379 | D:2      | Reached skill level 1 in Spellcasting
  1379 | D:2      | Reached skill level 1 in Evocations
  1379 | D:2      | Reached XP level 4. HP: 39/41 MP: 5/5
  1469 | D:2      | Found a burning altar of Makhleb.
  1938 | D:3      | Killed from afar by an orc priest

Vault maps used:
D:1:      dpeg_arrival_connections
D:2:      cheibrodos_old_hovel, bloody_makhleb, first_ration, uniq_terence
D:3:      gammafunk_temple_overflow_claw, nicolae_overflow_hidden_temple,
          chequers_ecumenical_altar_island

Skill      XL: |  1  2  3 |
---------------+----------+-----
Invocations    | 1 |  1.2
Short Blades   | 1 |  1.1
Long Blades    | 1 |  1.1
Maces & Flails | 1 |  1.1
Polearms       | 1 |  1.1
Staves         | 1 |  1.1
Slings         | 1 |  1.1
Bows           | 1 |  1.1
Crossbows      | 1 |  1.1
Throwing       | 1 |  1.1
Dodging        | 1 |  1.1
Stealth        | 1 |  1.1
Unarmed Combat | 1 |  1.1
Spellcasting   | 1 |  1.1
Evocations     | 1 |  1.1
Fighting       | |  6.6
Axes           | |  4.6
Armour         | |  6.6
Shields        | |  6.6
Conjurations   | |  0.8
Hexes          | |  0.8
Charms         | |  0.8
Summonings     | |  0.8
Necromancy     | |  0.8
Translocations | |  0.8
Transmutations | |  0.8
Fire Magic     | |  0.8
Ice Magic      | |  0.8
Air Magic      | |  0.8
Earth Magic    | |  0.8
Poison Magic   | |  0.8

Action                   |  1- 3 |  4- 6 || total
-------------------------+-------+-------++-------
Melee: War axe           |   105 |    31 ||   136
       Bite              |    11 |     1 ||    12
       Unarmed           |       |     3 ||     3
  Eat: Chunk             |     2 |     1 ||     3
Armor: Scale mail        |    37 |    11 ||    48
Dodge: Dodged            |    32 |    14 ||    46
Block: Shield            |    56 |    16 ||    72

Table legend:
 A = Spawn XP
 B = Non-spawn XP
 C = Spawn XP percentage of total XP
 D = Spawn monster count
 E = Non-spawn monster count
 F = Spawn count percentage of total count
 G = Total turns spent on level
                    A         B        C        D         E        F      G
               +---------+---------+-------+---------+---------+-------+---------
         Total |       0 |     113 |   0.0 |       0 |      48 |   0.0 |  1938
               +---------+---------+-------+---------+---------+-------+---------
           D:1 |       0 |      27 |   0.0 |       0 |      16 |   0.0 |   842
           D:2 |       0 |      65 |   0.0 |       0 |      23 |   0.0 |   887
           D:3 |       0 |      21 |   0.0 |       0 |       9 |   0.0 |   209
               +---------+---------+-------+---------+---------+-------+---------
